 Dungeon Crawl Stone Soup version 0.30-a0-187-gd9c2deaf24 (webtiles) character file.

Game seed: 17661762830481742900

15 lunkers the Cudgeller (level 2, -1/24 HPs)
             Began as a Meteoran Reaver on Oct 4, 2022.
             Slain by a quokka (4 damage)
             ... on level 1 of the Dungeon.
             The game lasted 00:01:29 (323 turns).

lunkers the Cudgeller (Meteoran Reaver)              Turns: 323, Time: 00:01:30

Health: -1/24      AC:  3    Str: 13    XL:     2   Next: 88%
Magic:  6/6        EV: 12    Int: 14    God:
Gold:   48         SH:  0    Dex: 12    Spells: 3/6 levels left

rFire   . . .      SeeInvis .    a - +0 mace
rCold   . . .      Faith    .    (no shield)
rNeg    . . .      Spirit   .    b - +0 leather armour
rPois   .          Reflect  .    (no helmet)
rElec   .          Harm     .    (no cloak)
rCorr   .          Rampage  .    (no gloves)
Will    .....                    (no boots)
Stlth   +.........               (no amulet)
HPRegen 0.24/turn                (no ring)
MPRegen 0.10/turn                (no ring)

@: glowing
A: sense surroundings 1, otherworldly, glowing, explore regen
a: no special abilities


You were on level 1 of the Dungeon.
You visited 1 branch of the dungeon, and saw 2 of its levels.

You collected 48 gold pieces.

Inventory:

Hand Weapons
 a - a +0 mace (weapon)
Armour
 b - a +0 leather armour (worn)
Scrolls
 c - a scroll of teleportation {unknown}
 d - a scroll of fog {unknown}
 f - a scroll of amnesia {unknown}
Potions
 e - a potion of attraction {unknown}
 g - 2 potions of curing {unknown}
 h - a potion of haste {unknown}


   Skills:
 - Level 2.1 Fighting
 * Level 5.1 Maces & Flails
 - Level 2.4 Dodging
 - Level 2.6 Spellcasting
 - Level 3.6 Conjurations


You had 3 spell levels left.
You knew the following spells:

 Your Spells              Type           Power      Damage    Failure   Level
b - Momentum Strike       Conj/Tloc      12%        3d8       21%         2
p - Kiss of Death         Conj/Necr      24%        2d7       14%         1

Your spell library contained the following spells:

 Spells                   Type           Power      Damage    Failure   Level
 Hailstorm                Conj/Ice       6%         3d4       38%         3


Dungeon Overview and Level Annotations

Branches:
Dungeon (2/15) Zot: 869

Altars:

Annotations:
D:2 Robin


Innate Abilities, Weirdness & Mutations

You passively map a small area around you.
You are easily found by Zot.
You glow in the dark.
You regain HP and MP as you explore.


Message History

You hit the quokka but do no damage.
The quokka bites you but does no damage.
The quokka closely misses you.
You closely miss the quokka. The quokka completely misses you.
The quokka closely misses you. The quokka misses you.
You miss the quokka.
The quokka bites you but does no damage.
The quokka bites you.
* * * LOW HITPOINT WARNING * * *
The quokka completely misses you.
You barely miss the quokka. The quokka bites you.
* * * LOW HITPOINT WARNING * * *
The quokka misses you. The quokka closely misses you.
You closely miss the quokka. The quokka barely misses you.
The quokka bites you but does no damage. x2
You miss the quokka.
The quokka bites you but does no damage.
The quokka bites you.
* * * LOW HITPOINT WARNING * * *
You barely miss the quokka. The quokka bites you.
* * * LOW HITPOINT WARNING * * *
The quokka bites you.
* * * LOW HITPOINT WARNING * * *
The quokka bites you.
* * * LOW HITPOINT WARNING * * *
Unknown command.
You completely miss the quokka. The quokka bites you.
* * * LOW HITPOINT WARNING * * *
The quokka bites you.
* * * LOW HITPOINT WARNING * * *
The quokka barely misses you.
Unknown command.
Unknown command.
You closely miss the quokka.
The quokka bites you but does no damage.
The quokka barely misses you. x2
You closely miss the quokka.
The quokka bites you but does no damage.
The quokka closely misses you. The quokka bites you.
You die...

#....# ###########.##..##.# .
#.#######.....#####.##.....#...
..............'................
#.............#########..######
#########>....# ##.# ,
#.....####### #.##
#.....'.....# #..# *
#.....##'########.# ,
######.)@......##.# *,
#..†rr.....##.####*
#..........##....#
#..........##....##.#
#........#####....##.#
#..#..?... #....##.#
#.........# *###'###..
#.......... #..##.. , , ##.##..


You could see 2 quokkas.

Vanquished Creatures
  A dart slug (D:1)
  An endoplasm (D:1)
  4 goblins
  3 hobgoblins (D:1)
  A ball python (D:1)
  A frilled lizard (D:1)
11 creatures vanquished.

Vanquished Creatures (others)
  A giant cockroach (D:1)
  2 hobgoblins (D:1)
3 creatures vanquished.

Grand Total: 14 creatures vanquished

Notes
Turn   | Place    | Note
-------+----------+-------------------------------------------
     0 | D:1      | lunkers the Meteoran Reaver began the quest for the Orb.
     0 | D:1      | Reached XP level 1. HP: 17/17 MP: 5/5
    31 | D:1      | Reached XP level 2. HP: 11/24 MP: 6/6
    34 | D:1      | Learned a level 2 spell: Momentum Strike
   261 | D:2      | Noticed Robin
   268 | D:1      | Reached skill level 5 in Maces & Flails
   323 | D:1      | Slain by a quokka

Illustrated notes

Levels and vault maps discovered:
D:1:      tarquinn_simple_flora_water_c, layout_basic, minmay_small_reverse_x
D:2:      layout_loops_ring, shapermc_ecumenical_altar_petra,
          minmay_statues_item, uniq_robin, uniq_sigmund

Skill      XL: |  1  2 |
---------------+-------+-----
Maces & Flails | 5 |  5.1
Fighting       | |  2.1
Dodging        | |  2.4
Spellcasting   | |  2.6
Conjurations   | |  3.6

Action                   || total
-------------------------++-------
Melee: Mace              ||    39
 Cast: Momentum Strike   ||     3
Armor: Leather armour    ||    17
Dodge: Dodged            ||    38

Table legend: (Time is in decaauts)
 A = Elapsed time spent in this place.
 B = Non-inter-level travel time spent in this place.
 C = Inter-level travel time spent in this place.
 D = Time resting spent in this place.
 E = Time spent auto-exploring this place.
 F = Levels seen in this place.
 G = Mean time per level.
                   A        B        C        D        E       F      G
               +--------+--------+--------+--------+--------+-----+--------+
         Total |    329 |    281 |     48 |      0 |    175 |   2 |  164.5 |
       Dungeon |    329 |    281 |     48 |      0 |    175 |   2 |  164.5 |
               +--------+--------+--------+--------+--------+-----+--------+

Top non-repeatable levels by time:
     D:1: 325 daAuts
     D:2: 3 daAuts
